 Dungeon Crawl Stone Soup version 0.29.1-14-g9c671dbff4 (webtiles) character file.

Game seed: 8606017648417226673

793 leafyfresh the Covert (level 7, -8/60 HPs)
             Began as a Gnoll Delver on Feb 13, 2023.
             Was a Priest of Cheibriados.
             Engulfed by a cloud of steam (11 damage)
             ... on level 5 of the Dungeon.
             The game lasted 00:10:30 (5267 turns).

leafyfresh the Covert (Gnoll Delver)                Turns: 5267, Time: 00:10:31

Health: -8/60      AC:  5    Str: 27    XL:     7   Next: 88%
Magic:  10/11      EV: 16    Int: 14    God:    Cheibriados [***...]
Gold:   210        SH:  6    Dex: 26    Spells: 6/11 levels left

rFire   . . .      SeeInvis .   f - +2 dagger (freeze)
rCold   . . .      Faith    .   p - +0 buckler
rNeg    + . .      Spirit   .   h - +1 leather armour {rN+}
rPois   .          Reflect  .   (no helmet)
rElec   .          Harm     .   s - +0 cloak
rCorr   .          Rampage  .   (no gloves)
Will    .....                   (no boots)
Stlth   +++++.....              (no amulet)
HPRegen 0.20/turn               t - +6 ring of dexterity
MPRegen 0.12/turn               (no ring)

@: mighty, very slow
A: fangs 1, strong nose, distributed training, strong 2
a: Renounce Religion, Bend Time, Temporal Distortion


You were on level 5 of the Dungeon.
You worshipped Cheibriados.
Cheibriados was most pleased with you.
You visited 1 branch of the dungeon, and saw 5 of its levels.

You collected 210 gold pieces.

Inventory:

Hand Weapons
 a - a +0 spear
 f - a +2 dagger of freezing (weapon)
 q - a +3 flail
 x - a +1 short sword of distortion
Missiles
 w - 6 boomerangs (quivered)
Armour
 b - a +0 leather armour
 h - a +1 leather armour of positive energy (worn)
 p - a +0 buckler (worn)
 s - a +0 cloak (worn)
Jewellery
 t - a +6 ring of dexterity (left hand)
Wands
 g - a wand of digging (11)
 u - a wand of acid (9)
Scrolls
 c - 2 scrolls of fog
 d - a scroll of magic mapping
 m - a scroll of noise
 n - 5 scrolls of teleportation
 v - a scroll of amnesia {unknown}
 y - 2 scrolls of identify
 z - a scroll of brand weapon {unknown}
 B - a scroll of blinking {unknown}
Potions
 e - a potion of brilliance {unknown}
 i - 2 potions of mutation
 j - 2 potions of attraction
 k - a potion of curing
 o - a potion of flight {unknown}
 r - 2 potions of degeneration {unknown}
 A - a potion of heal wounds {unknown}


   Skills:
 + Level 7.2 Fighting
 + Level 2.9 Short Blades
 + Level 2.9 Long Blades
 + Level 2.9 Axes
 + Level 2.9 Maces & Flails
 + Level 5.4 Polearms
 + Level 2.9 Staves
 + Level 2.9 Ranged Weapons
 + Level 2.9 Throwing
 + Level 2.9 Armour
 + Level 5.4 Dodging
 + Level 10.0 Stealth
 + Level 2.9 Shields
 + Level 2.9 Unarmed Combat
 + Level 2.9 Spellcasting
 + Level 2.3 Conjurations
 + Level 2.3 Hexes
 + Level 2.3 Summonings
 + Level 2.3 Necromancy
 + Level 2.3 Translocations
 + Level 2.3 Transmutations
 + Level 2.3 Fire Magic
 + Level 2.3 Ice Magic
 + Level 2.3 Air Magic
 + Level 2.3 Earth Magic
 + Level 2.3 Poison Magic
 + Level 3.2 Invocations
 + Level 2.9 Evocations


You had 6 spell levels left.
You knew the following spells:

 Your Spells              Type           Power      Damage    Failure   Level
a - Passwall              Tmut/Erth      6%         N/A       19%         2
b - Mephitic Cloud        Conj/Pois/Air  8%         N/A       34%         3

Your spell library contained the following spells:

 Spells                   Type           Power      Damage    Failure   Level
 Magic Dart               Conj           32%        1d4       12%         1
 Sandblast                Erth           16%        2d6       12%         1
 Call Imp                 Summ           8%         N/A       19%         2
 Searing Ray              Conj           16%        2d5       19%         2
 Sublimation of Blood     Necr           8%         N/A       19%         2
 Wereblood                Tmut           8%         N/A       19%         2
 Stone Arrow              Conj/Erth      16%        3d8       34%         3
 Fulminant Prism          Conj/Hex       4%         3d6       75%         4
 Summon Hydra             Summ           4%         N/A       100%        7


Dungeon Overview and Level Annotations

Branches:
Dungeon (5/15)
 Temple: D:4-7

Altars:
Cheibriados
Hepliaklqana
Nemelex Xobeh
Xom


Innate Abilities, Weirdness & Mutations

You have very sharp teeth.
Your uncanny sense of smell can sniff out nearby items.
Your experience applies equally to all skills.
Your muscles are very strong. (Str +8, Int/Dex -2)


Message History

You barely miss the shadow imp.
The shadow imp hits you but does no damage.
Unknown command.
You hit the shadow imp.
The shadow imp is severely wounded.
The shadow imp completely misses you.
Unknown command.
You hit the shadow imp.
You kill the shadow imp!
Cheibriados appreciates the change of pace.
The steam dragon breathes steam at you. The ball of steam hits you!!
Unknown command.
Unknown command.
You hit the steam dragon but do no damage.
You bite the steam dragon.
The steam dragon is lightly wounded.
You puncture the steam dragon! You freeze the steam dragon.
The steam dragon is heavily wounded.
The steam dragon completely misses you.
The steam dragon claws you but does no damage.
You hit the steam dragon. You freeze the steam dragon.
The steam dragon is almost dead.
The steam dragon breathes steam at you. The ball of steam hits you!!
You hear an angry hiss.
You hear a shout!
You hit the steam dragon. You freeze the steam dragon.
You kill the steam dragon!
Cheibriados appreciates the change of pace.
The steam dragon scales are intact enough to wear.
You are engulfed in a cloud of scalding steam.
* * * LOW HITPOINT WARNING * * *
The iguana bites you!
* * * LOW HITPOINT WARNING * * *
The white imp gestures at you. The puff of frost hits you.
* * * LOW HITPOINT WARNING * * *
The iguana attacks as you move away! The iguana misses you.
You are engulfed in a cloud of scalding steam.
You die...

...# ...# # # ♣..#
.#. ♣..# #.# . ♣..#
#.# ♣....♣♣♣♣..#
###.#
...........#####.§.#
(../.......'5.l#@§§#
D.$$.l.....'.#[§§§§#
.l.........####§#§##
♣....♣♣♣♣..#
#§#.#### ♣....♣ ♣..#
#......# ♣....♣ ♣..#
#.#.##.#
♣....♣♣♣♣..# #.#...
.. ..........$#
#.####.#...
..........l
##......# .#


There were no monsters in sight!

Vanquished Creatures
  A steam dragon (D:5)
  An ogre (D:4)
  2 scorpions
  3 jellies
  5 hounds
  Ijyb (D:4)
  2 orc wizards
  3 adders
  A shadow imp (D:5)
  5 worms
  3 dart slugs
  7 orcs
  6 ball pythons
  5 bats
  10 endoplasms
  6 giant cockroaches
  8 goblins
  5 hobgoblins
  11 kobolds
  5 quokkas
  A frilled lizard (D:1)
  10 rats
101 creatures vanquished.

Notes
Turn   | Place    | Note
-------+----------+-------------------------------------------
     0 | D:5      | Reached skill level 9 in Stealth
     0 | D:5      | leafyfresh the Gnoll Delver began the quest for the Orb.
     0 | D:5      | Reached XP level 1. HP: 23/23 MP: 1/1
    22 | D:5      | Noticed a steam dragon
    23 | D:5      | Noticed an iguana
    49 | D:5      | Noticed an iguana
    66 | D:5      | Noticed a hound
    75 | D:5      | Noticed a jelly
    87 | D:5      | Noticed an orc wizard
   117 | D:3      | Noticed a hound
   163 | D:3      | Killed a hound
   164 | D:3      | Reached XP level 2. HP: 8/29 MP: 1/3
   164 | D:3      | Reached XP level 3. HP: 10/35 MP: 1/4
   518 | D:3      | Reached skill level 1 in Invocations
   679 | D:3      | Found a snail-covered altar of Cheibriados.
   693 | D:3      | Became a worshipper of Cheibriados the Contemplative
   864 | D:2      | Reached skill level 1 in Short Blades
   864 | D:2      | Reached skill level 1 in Long Blades
   864 | D:2      | Reached skill level 1 in Axes
   864 | D:2      | Reached skill level 1 in Maces & Flails
   864 | D:2      | Reached skill level 1 in Staves
   864 | D:2      | Reached skill level 1 in Ranged Weapons
   864 | D:2      | Reached skill level 1 in Throwing
   864 | D:2      | Reached skill level 1 in Armour
   864 | D:2      | Reached skill level 1 in Shields
   864 | D:2      | Reached skill level 1 in Unarmed Combat
   864 | D:2      | Reached skill level 1 in Spellcasting
   864 | D:2      | Reached skill level 1 in Evocations
  1074 | D:2      | Reached XP level 4. HP: 41/41 MP: 5/5
  1285 | D:1      | Reached * piety under Cheibriados
  1639 | D:1      | Reached skill level 1 in Conjurations
  1639 | D:1      | Reached skill level 1 in Hexes
  1639 | D:1      | Reached skill level 1 in Summonings
  1639 | D:1      | Reached skill level 1 in Necromancy
  1639 | D:1      | Reached skill level 1 in Translocations
  1639 | D:1      | Reached skill level 1 in Transmutations
  1639 | D:1      | Reached skill level 1 in Fire Magic
  1639 | D:1      | Reached skill level 1 in Ice Magic
  1639 | D:1      | Reached skill level 1 in Air Magic
  1639 | D:1      | Reached skill level 1 in Earth Magic
  1639 | D:1      | Reached skill level 1 in Poison Magic
  2592 | D:3      | Found a hazy altar of Hepliaklqana.
  2601 | D:3      | Reached ** piety under Cheibriados
  2787 | D:3      | Reached XP level 5. HP: 41/47 MP: 7/7
  3047 | D:3      | Found an opulent altar of Gozag.
  3047 | D:3      | Found a hazy altar of Hepliaklqana.
  3049 | D:3      | Found a sparkling altar of Nemelex Xobeh.
  3049 | D:3      | Found a sacrificial altar of Ru.
  3049 | D:3      | Found a shimmering altar of Xom.
  3232 | D:4      | Noticed Ijyb
  3239 | D:4      | Killed Ijyb
  3264 | D:4      | Reached XP level 6. HP: 53/53 MP: 8/8
  3326 | D:4      | Reached skill level 5 in Polearms
  3326 | D:4      | Reached skill level 5 in Dodging
  3474 | D:4      | Reached *** piety under Cheibriados
  3485 | D:4      | Reached XP level 7. HP: 35/60 MP: 10/10
  3634 | D:4      | Learned a level 2 spell: Passwall
  3638 | D:4      | Learned a level 3 spell: Mephitic Cloud
  3869 | D:4      | Noticed a steam dragon
  5037 | D:5      | Gained mutation: Your muscles are strong. (Str +4, Int/Dex
                  | -1) [potion of mutation]
  5037 | D:5      | Gained mutation: Your muscles are very strong. (Str +8,
                  | Int/Dex -2) [potion of mutation]
  5083 | D:5      | Reached skill level 10 in Stealth
  5266 | D:5      | Killed a steam dragon
  5266 | D:5      | HP: 3/60 [white imp/puff of frost (2)]
  5267 | D:5      | Engulfed by a cloud of steam

Illustrated notes

Levels and vault maps discovered:
D:1:      lemuel_arrival_room, layout_loops_ring, minmay_crystal_room
D:2:      layout_loops_ring, kennysheep_cross_bottleneck,
          nicolae_figureground_pulse
D:3:      layout_basic, doesnt_xom_only_xom, kennysheep_slug_shrine,
          minivault_24
D:4:      cheibrodos_quashed, layout_basic, eino_small_chamber_without_monster,
          minmay_pentomino_pile, uniq_ijyb
D:5:      kennysheep_six_static_rooms, layout_loops_cross,
          grunt_gozag_breadcrumbs, nzn_hepliaklqana_mist_gate, kennysheep_dice,
          uniq_eustachio, uniq_sigmund

Skill      XL: |  1  2  3  4  5  6  7 |
---------------+----------------------+-----
Stealth        | 10 | 10.0
Invocations    | 1 2 3 |  3.2
Short Blades   | 1 2 |  2.9
Long Blades    | 1 2 |  2.9
Axes           | 1 2 |  2.9
Maces & Flails | 1 2 |  2.9
Staves         | 1 2 |  2.9
Ranged Weapons | 1 2 |  2.9
Throwing       | 1 2 |  2.9
Armour         | 1 2 |  2.9
Shields        | 1 2 |  2.9
Unarmed Combat | 1 2 |  2.9
Spellcasting   | 1 2 |  2.9
Evocations     | 1 2 |  2.9
Conjurations   | 1 2 |  2.3
Hexes          | 1 2 |  2.3
Summonings     | 1 2 |  2.3
Necromancy     | 1 2 |  2.3
Translocations | 1 2 |  2.3
Transmutations | 1 2 |  2.3
Fire Magic     | 1 2 |  2.3
Ice Magic      | 1 2 |  2.3
Air Magic      | 1 2 |  2.3
Earth Magic    | 1 2 |  2.3
Poison Magic   | 1 2 |  2.3
Polearms       | 5 |  5.4
Dodging        | 5 |  5.4
Fighting       | 7 |  7.2

Action                   |  1- 3 |  4- 6 |  7- 9 || total
-------------------------+-------+-------+-------++-------
Melee: Dagger            |    54 |   148 |    67 ||   269
       Bite              |     8 |    17 |    10 ||    35
       Spear             |     1 |       |       ||     1
Throw: Boomerang         |       |       |     5 ||     5
 Cast: Passwall          |       |       |     1 ||     1
  Use: Potion            |     1 |       |     2 ||     3
       Scroll            |       |     6 |     3 ||     9
 Stab: Sleeping          |     7 |    26 |     1 ||    34
       Distracted        |       |       |     1 ||     1
Armor: Leather armour    |    10 |    15 |     9 ||    34
Dodge: Dodged            |    24 |    66 |    34 ||   124
Block: Buckler           |       |    15 |     8 ||    23
